 Dungeon Crawl Stone Soup version 0.31-a0-1343-gcd514f47d3 (webtiles) character file.

Game seed: 5231106345149339618

11 GordonOverkill the Sneak (level 2, 0/24 HPs)
             Began as a Spriggan Delver on Dec 22, 2023.
             Succumbed to an adder's poison
             ... on level 6 of the Dungeon.
             The game lasted 00:01:23 (227 turns).

GordonOverkill the Sneak (Spriggan Delver)           Turns: 227, Time: 00:01:24

Health: 0/24       AC: 21    Str:  8    XL:     2   Next: 13%
Magic:  3/3        EV:  4    Int: 11    God:
Gold:   0          SH:  0    Dex: 16    Spells: 1/1 levels left

rFire   . .          .
                       - Unarmed
rCold   . . .        (no shield)
rNeg    . . .        a - melded +0 robe
rPois   +            (helmet currently unavailable)
rElec   .            (cloak currently unavailable)
rCorr   .            (gloves unavailable)
SInv    +            (boots unavailable)
Will    .....        (no amulet)
Stlth   ++++         (no ring)
HPRegen 0.24/turn    (no ring)
MPRegen 0.08/turn

%: no passive effects
@: lethally poisoned (0 -> -1), tree-form
A: stationary, stasis, torment immunity, boosted hp, very small, no large
weapons, unfitting armour, see invisible, (speed 3)
a: no special abilities


You were on level 6 of the Dungeon.
You were a tree.
You visited 1 branch of the dungeon, and saw 2 of its levels.

Inventory:

Hand Weapons
 i - a +0 sling
Armour
 a - a +0 robe (melded)
Wands
 f - a wand of digging (3)
Scrolls
 b - a scroll of fog
 c - a scroll of revelation
 d - a scroll of fear
Potions
 e - a potion of haste


   Skills:
 - Level 3.0 Fighting
 - Level 2.6 Dodging
 - Level 7.2 Stealth
 + Level 1.6 Unarmed Combat


You had one spell level left.
You didn't know any spells.
Your spell library was empty.

Dungeon Overview and Level Annotations

Branches:
Dungeon (6/15)
 Temple: D:4-7

Altars:


Innate Abilities, Weirdness & Mutations

You are a tree.
Your roots penetrate the ground, keeping you stationary.
You cannot be teleported.
You are immune to unholy pain and torment.
Your maximum health is greatly increased.
Your equipment is partially melded.
You are very small and have problems with some larger weapons.
You are too small for most types of armour.
You have supernaturally acute eyesight. (SInv)
((You cover ground extremely quickly. (Speed+++)))


Message History

The adder is almost dead.
The adder completely misses you.
You hit the adder but do no damage.
The adder is severely wounded.
The adder bites you.
* * * LOW HITPOINT WARNING * * *
You are lethally poisoned!
The adder poisons you!
You barely miss the adder.
The adder is almost dead.
* * * LOW HITPOINT WARNING * * *
You feel sick. The adder bites you.
* * * LOW HITPOINT WARNING * * *
The adder bites you.
* * * LOW HITPOINT WARNING * * *
You hit the adder.
You kill the adder!
* * * LOW HITPOINT WARNING * * *
You feel sick.
Training target 3.0 for Fighting reached!
Your Fighting skill increases to level 3!
You need to enable at least one skill for training.
You have reached level 2!
It was a potion of lignification.
You turn into a tree.
Your +0 robe melds into your body.
Your roots penetrate the ground.
* * * LOW HITPOINT WARNING * * *
You feel sick.
The frilled lizard bites you but does no damage.
You closely miss the frilled lizard.
* * * LOW HITPOINT WARNING * * *
You feel sick.
The river rat squeaks loudly.
You hear a loud squeak.
The frilled lizard bites you but does no damage.
You miss the frilled lizard.
* * * LOW HITPOINT WARNING * * *
You feel sick.
The frilled lizard bites you but does no damage.
You hit the frilled lizard.
You kill the frilled lizard!
You die...

#.....# #####..#
#~# #.#### #####~#
#'##.## #r~~BS#
#.....# #S####~#
#..)..# #B# r~
#.....# #(#
###'###### #♣#
#.......
#.#########......>
#.................
##................
###.##..###+#####
#.##..##...####
..+............
...#............
....#............


You could see a river rat, a giant cockroach and a ball python.

Vanquished Creatures
  An adder (D:6)
  An orc (D:6)
  A frilled lizard (D:6)
3 creatures vanquished.

Notes
Turn   | Place    | Note
-------+----------+-------------------------------------------
     0 | D:5      | GordonOverkill the Spriggan Delver began the quest for the
                  | Orb.
     0 | D:5      | Reached XP level 1. HP: 11/11 MP: 2/2
    34 | D:6      | Noticed an ice beast
    63 | D:6      | Noticed an ogre
   224 | D:6      | Reached XP level 2. HP: 2/16 MP: 3/3
   226 | D:6      | HP: 1/24 [poisoned by an adder]
   227 | D:6      | Succumbed to an adder's poison

Illustrated notes

Levels and vault maps discovered:
D:5:      layout_basic, fedhas_bush_and_centaur_altar,
          nicolae_ossuary_entry_plus
D:6:      layout_gridville, mainiacjoe_sewer_entry_somewhere_in_here_2

Skill      XL: |  1 |
---------------+----+-----
Fighting       | 3 |  3.0
Dodging        | |  2.6
Stealth        | |  7.2
Unarmed Combat | |  1.6

Action                     || total
---------------------------++-------
  Melee: Unarmed           ||    31
  Throw: Dart              ||     2
    Use: Potion            ||     1
 Armour: Robe              ||    12
         Skin              ||     3
  Dodge: Dodged            ||    27

Table legend: (Time is in decaauts)
 A = Elapsed time spent in this place.
 B = Non-inter-level travel time spent in this place.
 C = Inter-level travel time spent in this place.
 D = Time resting spent in this place.
 E = Time spent auto-exploring this place.
 F = Levels seen in this place.
 G = Mean time per level.
                   A        B        C        D        E       F      G
               +--------+--------+--------+--------+--------+-----+--------+
         Total |    168 |    168 |      0 |     30 |      0 |   2 |   84.0 |
       Dungeon |    168 |    168 |      0 |     30 |      0 |   2 |   84.0 |
               +--------+--------+--------+--------+--------+-----+--------+

Top non-repeatable levels by time:
     D:6: 167 daAuts
     D:5: 1 daAuts
